AoeStats
← tr3tr2tr1

Arabia

509672308Analyzed
1v1 RM · 3d ago on Sep 27, 2026· 36m 5s· 2 players
Game mode
Random Map
Map size
Tiny (2 player)
Population
200
Speed
Normal
Resources
Standard
Victory
Conquest
Starting age
Dark Age
Ending age
Imperial Age
RankedLock teamsTeams togetherTeam positionsShared explorationLock speedFull tech treeHidden civsTurbo modeCheats
Victory
Defeat
🇹🇷 Khmer · Türkiye
614
+15
🇺🇸 Teutons · United States
600
-20
JmNzhl
30:48 Feudal Age
31:33 Man-at-Arms
tr3tr2tr1
10:55 Feudal Age
11:21 Double-Bit Axe
11:21 Horse Collar
15:15 Gold Mining
19:06 Castle Age
20:20 Husbandry
22:28 Husbandry
24:24 Heavy Plow
25:54 Scale Barding Armor
26:02 Forging
26:47 Scale Barding Armor
29:03 Wheelbarrow
29:54 Gold Shaft Mining
30:49 Stone Mining
31:25 Hand Cart
36:35 Imperial Age
34:57 Iron Casting
35:34 Bloodlines
35:53 Town Watch
Connection lost

Rejoining the realm…

Still unreachable

The connection could not be restored.

Session expired

The server has moved on; the page needs a fresh start.